Map: Triton LE

Players

TSGSolar (Solar) - Winner!

  • Race: Zerg Zerg
  • League: Master
  • Spawn Location: 5:00

soO

  • Race: Zerg Zerg
  • Spawn Location: 11:00

VOD

Have the link to the VOD?

Description

Time

  • Played on: Jan. 9, 2020, 9:38 a.m.
  • Length: 9:21
Show
View Real Time Build Order
Export as new Build Order

TSGSolar Zerg - Winner!

Build Orders: Hatch First 

Get SALT Encoding   

  12  0:01  Drone  
  13  0:13  Overlord  
  13  0:17  Drone  
  14  0:31  Drone x2  
  16  0:47  Hatchery  
  15  0:51  Drone  
  15  0:54  Drone  
  17  0:57  Drone  
  18  1:09  Extractor  
  17  1:12  Spawning Pool  
  17  1:16  Drone  
  17  1:19  Drone  
  18  1:29  Drone  
  19  1:39  Drone  
  20  1:50  Overlord  
  20  1:59  Queen x2  
  20  2:00  Drone  
  20  2:01  Drone  
  26  2:10  Metabolic Boost  
  26  2:11  Drone  
  26  2:12  Drone  
  28  2:22  Zergling x2  
  29  2:23  Drone  
  30  2:33  Hatchery  
  30  2:35  Drone  
  30  2:38  Drone  
  31  2:46  Drone  
  31  2:51  Overlord  
  32  2:53  Baneling Nest  
  32  2:55  Drone x2  
  33  3:04  Zergling x2  
  34  3:07  Queen  
  34  3:10  Drone x3  
  39  3:13  Zergling x4  
  39  3:16  Zergling x2  
  39  3:19  Drone  
  43  3:23  Evolution Chamber  
  43  3:26  Overlord  
  42  3:27  Drone  
  42  3:31  Drone  
  44  3:37  Baneling  
  44  3:38  Baneling  
  44  3:39  Baneling  
  44  3:47  Zergling x2  
  44  3:48  Zergling x10  
  49  3:51  Overlord  
  49  3:52  Drone  
  50  4:01  Drone x2  
  52  4:04  Drone  
  52  4:06  Roach Warren  
  52  4:08  Drone  
  53  4:15  Drone x2  
  55  4:17  Overlord  
  55  4:23  Drone  
  55  4:24  Zergling x10  
  55  4:25  Extractor  
  55  4:29  Overlord  
  59  4:33  Drone  
  59  4:41  Overlord  
  59  4:47  Roach x6  
  59  4:50  Roach  
  59  4:52  Baneling x2  
  72  4:54  Roach x2  
  72  4:55  Zergling x6  
  72  4:59  Roach  
  81  5:01  Zergling x2  
  82  5:08  Roach  
  78  5:17  Zergling x4  
  78  5:20  Roach x2  
  73  5:22  Roach x2  
  73  5:28  Roach  
  73  5:29  Zergling x6  
  73  5:30  Queen x2  
  73  5:35  Roach  
  74  5:38  Zergling x2  
  74  5:42  Roach  
  70  5:43  Queen  
  70  5:47  Roach x2  
  70  5:51  Roach  
  70  5:56  Roach  
  72  6:00  Baneling  
  72  6:01  Zergling x4  
  73  6:09  Roach  
  73  6:10  Zergling x2  
  76  6:15  Extractor  
  76  6:18  Drone x2  
  76  6:20  Drone  
  76  6:23  Drone  
  78  6:26  Lair  
  78  6:29  Drone  
  78  6:32  Drone  
  80  6:34  Drone  
  80  6:37  Baneling  
  81  6:41  Overlord  
  81  6:43  Overlord x2  
  82  6:47  Zergling x6  
  82  6:49  Baneling  
  82  6:51  Roach x2  
  88  6:54  Overlord  
  88  6:55  Overlord  
  88  6:56  Overlord  
  88  6:58  Overlord  
  87  7:06  Roach x3  
  88  7:09  Hatchery  
  88  7:11  Zerg Missile Weapons Level 1  
  88  7:13  Drone  
  88  7:14  Baneling  
  88  7:15  Baneling  
  88  7:16  Drone x2  
  88  7:20  Drone x2  
  92  7:24  Roach  
  92  7:25  Glial Reconstitution  
  92  7:29  Drone x2  
  96  7:32  Drone  
  96  7:33  Drone  
  96  7:35  Drone  
  99  7:41  Drone  
  99  7:43  Drone  
  101  7:44  Extractor  
  101  7:48  Overseer  
  101  7:49  Roach x3  
  105  7:52  Baneling x2  
  105  7:54  Drone x3  
  105  7:56  Drone  
  105  7:57  Drone  
  110  8:06  Drone  
  110  8:08  Drone  
  111  8:16  Extractor, Roach  
  111  8:19  Zergling x2, Spine Crawler  
  112  8:20  Roach  
  112  8:22  Roach x5  
  112  8:24  Roach  
  126  8:28  Ravager x2  
  126  8:33  Roach  
  130  8:35  Roach  
  130  8:37  Roach  
  130  8:39  Baneling  
  130  8:40  Overlord x2  
  134  8:45  Roach  
  136  8:48  Overlord  
  136  8:54  Roach  
  133  8:59  Roach x7  
Show
View Real Time Build Order
Export as new Build Order

soO Zerg 

Build Orders: Hatch First 

Get SALT Encoding   

  12  0:00  Drone  
  13  0:12  Overlord  
  13  0:17  Drone  
  14  0:30  Drone x2  
  16  0:47  Hatchery  
  15  0:50  Drone  
  15  0:54  Drone  
  17  0:57  Drone  
  18  1:08  Extractor  
  17  1:12  Spawning Pool  
  17  1:15  Drone  
  17  1:18  Drone  
  18  1:28  Drone  
  19  1:38  Drone  
  20  1:49  Overlord  
  20  1:59  Queen x2  
  20  2:00  Drone  
  20  2:01  Zergling x2  
  26  2:11  Drone x2, Metabolic Boost  
  28  2:21  Drone  
  28  2:22  Drone  
  30  2:32  Hatchery  
  30  2:34  Drone  
  30  2:44  Drone  
  33  2:48  Overlord  
  33  2:53  Zergling x2  
  33  2:54  Drone  
  35  3:09  Drone  
  35  3:12  Zergling x2  
  35  3:13  Zergling x14  
  42  3:22  Overlord  
  42  3:24  Roach Warren  
  41  3:29  Overlord  
  41  3:45  Drone  
  42  4:04  Overlord  
  42  4:05  Roach x9  
  60  4:11  Overlord  
  60  4:15  Overlord  
  59  4:21  Overlord  
  59  4:24  Roach x2  
  63  4:27  Overlord  
  63  4:31  Zergling x4, Roach  
  67  4:32  Zergling x4  
  68  4:39  Zergling x8  
  68  4:44  Zergling x4  
  74  4:50  Roach  
  78  4:53  Roach  
  78  4:56  Zergling x6  
  80  5:00  Zergling x2  
  81  5:09  Zergling x4  
  81  5:12  Roach x2  
  80  5:21  Roach  
  73  5:22  Zergling x8  
  70  5:28  Zergling x2  
  70  5:31  Zergling x2  
  70  5:33  Zergling x2  
  65  5:39  Zergling x2  
  65  5:42  Zergling x2  
  63  5:43  Zergling x2  
  58  5:50  Roach  
  58  5:53  Roach  
  58  5:55  Zergling x4  
  57  5:57  Zergling x6  
  57  5:59  Zergling x4  
  59  6:07  Roach x3  
  65  6:15  Zergling x4  
  65  6:17  Zergling x2  
  66  6:29  Zergling x12, Roach x2  
  76  6:39  Roach  
  78  6:40  Overlord  
  78  6:48  Zergling x4, Roach  
  82  6:59  Roach x2  
  73  7:10  Drone x2  
  73  7:11  Drone x5  
  73  7:14  Drone  
  81  7:15  Queen  
  81  7:18  Drone  
  81  7:20  Drone  
  85  7:23  Extractor  
  85  7:24  Extractor, Drone  
  85  7:26  Drone x2  
  86  7:34  Roach x2  
  90  7:38  Overlord  
  90  7:51  Drone  
  90  7:54  Overlord  
  91  8:03  Drone  
  92  8:10  Ravager x3  
  95  8:14  Zergling x4  
  95  8:15  Zergling x20  
  95  8:16  Ravager  
  108  8:25  Zergling x8, Roach x3  
  118  8:31  Overlord  
  118  8:35  Ravager  
  119  8:45  Zergling x4  
  121  8:55  Zergling x4  
  86  9:03  Zergling x10  
Tags
 
Add a new tag
Caveats
  • Supply blocks, unpowered buildings, or Contaminate may cause inaccurate times.
  • Supply counts are checked every 10 seconds.